cohdb
Replays
Latest Replays
All Replays
Popular Replays
Top Player Replays
Match Explorer
How It Works
Community
CoH3 Stats
Reddit
Sign in to upload your games and track your stats! →
Sign in with Steam
Op DAK light spam destroyed
Match 27724701
Overview
Messages
Build Orders
End
Construct Barracks
Selects Special Operations Battlegroup
Selects M29 Weasel Recon Vehicle
M29 Weasel Recon Vehicle
Riflemen Squad
Riflemen Squad
Riflemen Squad
Grenade Package
Infantry Support Center
Construct Motor Pool
M8 Greyhound Armored Car
Construct Medical Station
Engineer Squad
M1 Anti-tank Gun Team
Selects P-47 Anti-Infantry Loiter
M1918 Browning Automatic Rifles
Construct Tank Depot
Riflemen Squad
M4(105) Sherman Bulldozer
Selects UNKNOWN (2162291)
Selects Raiding Flares
Selects SSF Commando Squad
Selects Air Re-supply Operation
M1 Anti-tank Gun Team
P-47 Anti-Infantry Loiter
Stana
tuki
0
0
Comments
sign in to comment!
No comments posted yet!